 Dungeon Crawl Stone Soup version 0.16.1-51-g6203257 (webtiles) character file.

63 uhvn the Chucker (level 4, -3/23 HPs)
             Began as a Vine Stalker Hunter on July 8, 2015.
             Slain by a worm (7 damage)
             ... on level 2 of the Dungeon.
             The game lasted 00:07:09 (949 turns).

uhvn the Chucker (Vine Stalker Hunter)               Turns: 949, Time: 00:07:09

Health: -3/23      AC:  4    Str: 15    XL:     4   Next: 10%
Magic:  0/5        EV: 12    Int: 11    God:
Gold:   142        SH:  0    Dex: 15    Spells: 0 memorised, 3 levels left

rFire  . . .     SeeInvis .     a - +0 short sword
rCold  . . .     Clarity  .     d - +0 leather armour
rNeg   . . .     SustAb   .     (no shield)
rPois  .         Gourm    +     (no helmet)
rElec  .         Spirit   +     (no cloak)
rCorr  .         Warding  .     g - +0 pair of gloves
rMut   .         Stasis   .     (no boots)
MR     +....                    r - amulet of the gourmand
Stlth  ++........               (no ring)
                                j - ring of protection from magic

@: somewhat resistant to hostile enchantments, unstealthy
A: fangs 2, regeneration 1, magic shield, antimagic bite, no device heal 3, rot
immunity
a: no special abilities


You were on level 2 of the Dungeon.
You were not hungry.

You visited 1 branch of the dungeon, and saw 2 of its levels.

You collected 142 gold pieces.

Inventory:

Hand weapons
 a - a +0 short sword (weapon)
Missiles
 c - a throwing net (quivered)
 e - 63 stones
Armour
 d - a +0 leather armour (worn)
 g - a +0 pair of gloves (worn)
Jewellery
 j - a ring of protection from magic (left hand)
 r - an amulet of the gourmand (around neck)
Scrolls
 h - 3 scrolls of identify
 l - a scroll of amnesia {unknown}
Potions
 i - 2 potions of heal wounds {unknown}
 o - a potion of flight {unknown}
 p - a potion of curing {unknown}
 q - 2 potions of restore abilities {unknown}
 s - a potion of agility {unknown}
Comestibles
 f - 3 bread rations
 m - 2 meat rations


   Skills:
 + Level 2.2 Fighting
 * Level 4.2 Throwing
 + Level 1.9 Dodging
 * Level 2.8 Stealth


You had 3 spell levels left.
You didn't know any spells.

Dungeon Overview and Level Annotations

Branches:
Dungeon (2/15)

Altars:


Innate Abilities, Weirdness & Mutations

You have extremely sharp teeth.
Your natural rate of healing is unusually fast.
When hurt, damage is shared between your health and your magic reserves.
Your bite disrupts and absorbs the magic of your enemies.
Potions and wands cannot restore your health.
You are immune to rotting.


Message History

The worm bites you.
You hit the worm but do no damage. You bite the worm. You drain its power.
You feel invigorated.
The worm is severely wounded.
The worm bites you.
You barely miss the worm. You bite the worm. You drain its power.
The worm is severely wounded.
You hit the worm. Your bite misses the worm.
The worm is severely wounded.
The worm bites you!
You barely miss the worm. Your bite misses the worm.
The worm is severely wounded.
You hit the worm.
The worm is almost dead.
The worm bites you!
* * * LOW HITPOINT WARNING * * *
You hit the worm. Your bite misses the worm.
The worm is almost dead.
The worm bites you!
You die...

...### . ######....
...... #.###
#.....[.†. .####.
#.#.. .# #.###.....
.# #.#.##. #.# #.....
.#.. #.#.#. #.#
#.##.. .#. #....
#.###'##.. .... #.#.#
#.##...... .#..
#.#.########.##......
.# . .
#...@........##......
.# ...
#.##w##########......
.####.### #...(..
#...... .........
####.### #......
.......... #(#
#...... ..........
#.# #......
..######## #.#
....#... ....# #.#
#....... .##.# #(#
#.####..


You could see a worm.

Vanquished Creatures
  3 adders (D:2)
  A worm (D:2)
  5 hobgoblins
  3 kobolds
  A bat (D:2)
  A giant cockroach (D:2)
  4 giant geckos
  6 goblins
  5 rats
29 creatures vanquished.

Notes
Turn   | Place    | Note
--------------------------------------------------------------
     0 | D:1      | uhvn, the Vine Stalker Hunter, began the quest for the Orb.
     0 | D:1      | Reached XP level 1. HP: 11/11 MP: 1/1
   148 | D:1      | Reached XP level 2. HP: 15/15 MP: 3/3
   577 | D:2      | Reached XP level 3. HP: 18/18 MP: 4/4
   592 | D:2      | Reached skill level 4 in Throwing
   827 | D:2      | Reached XP level 4. HP: 21/23 MP: 5/5
   949 | D:2      | Slain by a worm

Action                   |  1- 3 |  4- 6 || total
-------------------------+-------+-------++-------
Melee: Short sword       |    30 |     8 ||    38
Throw: Javelin           |    39 |     9 ||    48
       Throwing net      |     1 |     1 ||     2
  Use: Scroll            |       |     2 ||     2
 Stab: Sleeping          |     1 |       ||     1
